 Dungeon Crawl Stone Soup version 0.24.0-123-gd5b16e6ec5 (webtiles) character file.

Game seed: 12516174076427666811, levelgen mode: deterministic

7313 McKennaii the Basher (level 10, -6/95 (96) HPs)
             Began as a Troll Monk on Dec 23, 2019.
             Was a High Priest of Okawaru.
             Mangled by a seven-headed hydra (10 damage)
             ... on level 9 of the Dungeon.
             The game lasted 00:19:29 (8201 turns).

McKennaii the Basher (Troll Monk)                   Turns: 8201, Time: 00:19:30

HP:   -6/95 (96)    AC: 11    Str: 21    XL:     10   Next: 90%
MP:   19/19         EV: 12    Int:  9    God:    Okawaru [*****.]
Gold: 424           SH:  0    Dex: 15    Spells: 9/9 levels left

rFire    . . .     SeeInvis .   e - +0 giant spiked club
rCold    + . .     Gourm    +   (shield currently unavailable)
rNeg     + . .     Faith    .   x - +1 robe {MR+}
rPois    .         Spirit   .   (helmet restricted)
rElec    .         Reflect  .   v - +1 cloak
rCorr    .         Harm     .   (gloves unavailable)
MR       ++...                  (boots unavailable)
Stlth    ++........             (no amulet)
HPRegen  0.65/turn              b - ring "Contiq" {*Contam rC+ rN+ MR+ Int+3}
MPRegen  0.16/turn              s - ring of magical power

@: no status effects
A: large, unfitting armour, claws 3, iridescent scales 1, fast metabolism 3,
gourmand, regeneration 1, shaggy fur 1, tough skin 3, wild magic 1
a: Heroism, Finesse, Renounce Religion


You were on level 9 of the Dungeon.
You worshipped Okawaru.
Okawaru was extremely pleased with you.
You were completely stuffed.

You visited 2 branches of the dungeon, and saw 10 of its levels.
You also visited: Sewer.

You collected 551 gold pieces.
You spent 127 gold pieces at shops.

Inventory:

Hand Weapons
 e - a +0 giant spiked club (weapon)
Missiles
 y - 11 large rocks (quivered)
Armour
 v - a +1 cloak (worn)
 x - a +1 robe of magic resistance (worn)
Jewellery
 b - the ring "Contiq" (left claw) {*Contam rC+ rN+ MR+ Int+3}
   (You found it on level 5 of the Dungeon)

   [ring of protection from cold]

   It affects your intelligence (+3).
   It protects you from cold.
   It protects you from negative energy.
   It affects your resistance to hostile enchantments.
   It causes magical contamination when unequipped.
 s - a ring of magical power (right claw)
Wands
 a - a wand of polymorph (10)
 u - a wand of digging (9)
Scrolls
 g - 6 scrolls of enchant armour {unknown}
 h - 12 scrolls of identify {unknown}
 l - 2 scrolls of amnesia {unknown}
 m - 2 scrolls of immolation {unknown}
 o - 2 scrolls of blinking {unknown}
 p - 5 scrolls of magic mapping {unknown}
 q - 2 scrolls of remove curse {unknown}
 r - 8 scrolls of teleportation {unknown}
 w - 3 scrolls of fear {unknown}
 B - 7 scrolls of enchant weapon {unknown}
Potions
 d - a potion of flight
 f - 3 potions of brilliance
 i - 2 potions of invisibility {unknown}
 j - 4 potions of cancellation
 n - 2 potions of might
 t - a potion of degeneration
 z - a potion of heal wounds
 A - 2 potions of curing {unknown}
Comestibles
 c - 19 rations
 k - 8 chunks of flesh


   Skills:
 + Level 5.5 Fighting
 * Level 12.3 Maces & Flails
 * Level 4.4 Throwing
 + Level 5.0 Dodging
 + Level 2.2 Stealth
 * Level 1.7 Invocations


You had 9 spell levels left.
You didn't know any spells.
Your spell library contained the following spells:

 Spells                   Type           Power        Failure   Level  Hunger
 Beastly Appendage        Tmut           #.....       47%         1    ##.....
 Confusing Touch          Hex            #.....       47%         1    ##.....
 Corona                   Hex            #......      47%         1    ##.....
 Magic Dart               Conj           #...         47%         1    ##.....
 Ensorcelled Hibernation  Hex/Ice        #.....       61%         2    ###....
 Searing Ray              Conj           #.....       61%         2    ###....
 Slow                     Hex            #.......     61%         2    ###....
 Sticks to Snakes         Tmut           #.......     61%         2    ###....
 Confuse                  Hex            #.......     83%         3    ####...
 Dazzling Spray           Conj/Hex       #.....       83%         3    ####...
 Gell's Gravitas          Tloc           #.........   83%         3    ####...
 Inner Flame              Hex/Fire       #.......     83%         3    ####...
 Portal Projectile        Hex/Tloc       #.....       83%         3    ####...
 Spider Form              Tmut/Pois      #.........   83%         3    ####...
 Tukima's Dance           Hex            #.......     83%         3    ####...
 Cause Fear               Hex            #.........   99%         4    #####..
 Force Lance              Conj/Tloc      #.......     99%         4    #####..
 Fulminant Prism          Conj/Hex       #.........   99%         4    #####..
 Ice Form                 Ice/Tmut       #.......     99%         4    #####..
 Iskenderun's Mystic Bla  Conj           #.......     99%         4    #####..
 Leda's Liquefaction      Hex/Erth       #.........   99%         4    #####..
 Petrify                  Tmut/Erth      #.......     99%         4    #####..
 Blade Hands              Tmut           #.........   100%        5    ######.
 Metabolic Englaciation   Hex/Ice        #.........   100%        5    ######.
 Yara's Violent Unravell  Hex/Tmut       #.........   100%        5    ######.


Dungeon Overview and Level Annotations

Branches:
Dungeon (9/15)             Temple (1/1) D:4            Lair (0/6) D:9
  Sewer (visited)
    Orc: D:9-12

Altars:
Ashenzari
Cheibriados
Dithmenos
Elyvilon
Fedhas
Gozag
Kikubaaqudgha
Makhleb
Nemelex Xobeh
Okawaru
Qazlal
Ru
Sif Muna
Trog
Uskayaw
Vehumet
Wu Jian
Yredelemnul
Zin
The Shining One

Shops:
D:4 [   D:5 }

Annotations:
D:7 1 runed translucent door, Gildeon's ghost, novice MiFi
D:9 Grum


Innate Abilities, Weirdness & Mutations

You are too large for most types of armour.
You have claws for hands.
Your metabolism is lightning-fast.
You like to eat raw meat.
Your natural rate of healing is unusually fast.
You are covered in fur. (AC +1)
You have extremely tough skin. (AC +3)
You are partially covered in iridescent scales. (AC +2)
Your spells are a little harder to cast, but a little more powerful.


Message History

The seven-headed hydra is severely wounded.
The seven-headed hydra closely misses you.
The seven-headed hydra bites you!
* * * LOW HITPOINT WARNING * * *
The seven-headed hydra bites you but does no damage.
The seven-headed hydra bites you.
* * * LOW HITPOINT WARNING * * *
The seven-headed hydra bites you.
* * * LOW HITPOINT WARNING * * *
The seven-headed hydra bites you.
* * * LOW HITPOINT WARNING * * *
The seven-headed hydra barely misses you.
You hit the seven-headed hydra.
The seven-headed hydra is severely wounded.
The seven-headed hydra bites you but does no damage. x2
The seven-headed hydra bites you!
* * * LOW HITPOINT WARNING * * *
The seven-headed hydra bites you but does no damage.
The seven-headed hydra bites you!
You die...

....[..#######
.......##....#
.......##....#
.......##....#
.....#.##....#
........#.[..#
###.##.......#
#.##.......#####
#.#####...##.D@##
#...#.#+#.#
#...#. #.#
###.#.###.#
#.##...##
#..##'## ##....#
######


You could see a seven-headed hydra.

Vanquished Creatures
  Pikel (D:8)
  Psyche (D:9)
  Grinder (D:5)
  A hippogriff (D:9)
  Prince Ribbit (D:7)
  Sigmund (D:2)
  A yak (D:9)
  2 wyverns (D:8)
  2 hungry ghosts
  Menkaure (D:4)
  2 porcupines (D:9)
  A hornet zombie (D:8)
  4 ice beasts
  A sky beast (D:5)
  3 black bears
  An eye of draining (D:9)
  A necrophage (D:7)
  A phantom (D:3)
  5 ogres
  4 wolves
  The ghost of ciphuk the Insei, an amateur OpBe of Trog (D:4)
  4 centaurs
  A crocodile (D:9)
  A big kobold (D:8)
  5 bullfrogs
  A wyvern skeleton (D:9)
  A water moccasin zombie (D:6)
  4 scorpions
  6 killer bees (D:7)
  4 crimson imps
  5 howler monkeys
  A quasit (D:9)
  5 orc priests
  3 bullfrog skeletons
  3 hounds (D:4)
  A jelly (D:7)
  4 orc wizards
  2 centaur skeletons
  Crazy Yiuf (D:3)
  5 iguanas
  3 worker ants
  A worker ant zombie (D:5)
  4 gnolls
  12 adders
  A howler monkey skeleton (D:5)
  A river rat (D:6)
  A shadow imp (D:6)
  14 oozes
  2 worms (D:2)
  3 dart slugs
  10 leopard geckos
  21 orcs
  14 ball pythons
  9 giant cockroaches
  10 goblins
  8 hobgoblins
  9 jackals
  9 kobolds
  4 quokkas
  6 bats
  14 frilled lizards
  2 giant cockroach zombies
  A leopard gecko skeleton (D:5)
  A quokka zombie (D:8)
  10 rats
263 creatures vanquished.

Vanquished Creatures (others)
  A troll (D:9)
  A slave (D:8)
  5 kobolds (D:8)
  25 fungi (D:9)
  8 plants (D:9)
40 creatures vanquished.

Grand Total: 303 creatures vanquished

Notes
Turn   | Place    | Note
-------+----------+-------------------------------------------
     0 | D:1      | McKennaii the Troll Monk began the quest for the Orb.
     0 | D:1      | Reached XP level 1. HP: 22/22 MP: 0/0
     7 | D:1      | Noticed a salamander
     7 | D:1      | Noticed a hound
     7 | D:1      | Noticed a crocodile
     7 | D:1      | Noticed a polar bear
    35 | D:1      | Reached skill level 3 in Maces & Flails
    65 | D:1      | Reached XP level 2. HP: 29/29 MP: 1/1
   198 | D:1      | Reached XP level 3. HP: 32/36 MP: 2/2
  1317 | D:2      | Noticed Sigmund
  1351 | D:2      | Killed Sigmund
  1351 | D:2      | Reached skill level 4 in Maces & Flails
  1351 | D:2      | Reached XP level 4. HP: 12/45 MP: 3/3
  1351 | D:2      | Reached XP level 5. HP: 14/53 MP: 4/4
  1396 | D:2      | Reached skill level 5 in Maces & Flails
  1810 | D:3      | Noticed a phantom
  1842 | D:3      | Killed a phantom
  1842 | D:3      | Reached XP level 6. HP: 45/61 MP: 5/5
  1888 | D:3      | Found a glowing golden altar of the Shining One.
  1888 | D:3      | Found a shadowy altar of Dithmenos.
  1893 | D:3      | Found a hide-covered altar of Uskayaw.
  1916 | D:3      | Found a runed translucent door.
  1917 | D:3      | Noticed Crazy Yiuf
  2403 | D:3      | Found a blossoming altar of Fedhas.
  2533 | D:3      | Killed Crazy Yiuf
  2683 | D:4      | Found a staircase to the Ecumenical Temple.
  2746 | Temple   | Entered the Ecumenical Temple
  2898 | Temple   | Became a worshipper of Warmaster Okawaru
  2898 | Temple   | Reached * piety under Okawaru
  2898 | Temple   | Reached ** piety under Okawaru
  2964 | D:4      | Found Itheh's Armour Emporium.
  2970 | D:4      | Bought a +1 robe of magic resistance for 127 gold pieces
  3064 | D:4      | Reached skill level 6 in Maces & Flails
  3089 | D:4      | Reached XP level 7. HP: 49/67 MP: 6/6
  3105 | D:4      | Noticed Menkaure
  3115 | D:4      | Killed Menkaure
  3265 | D:4      | Found a runed translucent gate.
  3265 | D:4      | Found a runed translucent gate.
  3265 | D:4      | Found a runed translucent gate.
  3269 | D:4      | Noticed ciphuk's ghost (amateur OpBe)
  3625 | D:4      | Killed ciphuk's ghost
  3625 | D:4      | Reached skill level 7 in Maces & Flails
  3685 | D:5      | Entered Level 5 of the Dungeon
  3709 | D:5      | Reached *** piety under Okawaru
  3974 | D:5      | Reached XP level 8. HP: 28/76 MP: 7/7
  3993 | D:5      | Got a vibrating amber ring
  3994 | D:5      | Identified the ring "Contiq" {*Contam rC+ rN+ MR+ Int+3}
                  | (You found it on level 5 of the Dungeon)
  4097 | D:5      | Noticed Grinder
  4102 | D:5      | Killed Grinder
  4102 | D:5      | Reached skill level 1 in Throwing
  4155 | D:5      | Reached skill level 8 in Maces & Flails
  4431 | D:5      | Found a shattered altar of Ashenzari.
  4432 | D:5      | Found a shimmering blue altar of Sif Muna.
  4433 | D:5      | Found Igaamaaw's Gadget Emporium.
  4902 | D:6      | Reached **** piety under Okawaru
  4902 | D:6      | Reached skill level 9 in Maces & Flails
  4920 | D:6      | Found a glowing drain.
  4932 | Sewer    | Entered a sewer
  5190 | Sewer    | Reached XP level 9. HP: 82/84 MP: 8/8
  5608 | D:7      | Noticed Prince Ribbit
  5642 | D:7      | Reached skill level 10 in Maces & Flails
  5746 | D:7      | Received a gift from Okawaru
  6081 | D:7      | Found a runed translucent door.
  6139 | D:7      | Noticed Gildeon's ghost (novice MiFi)
  6229 | D:7      | Received a gift from Okawaru
  6239 | D:7      | HP: 6/126 [Prince Ribbit (6)]
  6240 | D:7      | HP: 2/126 [Prince Ribbit (3)]
  6242 | D:7      | Gained mutation: Your spells are a little harder to cast,
                  | but a little more powerful. [potion of mutation]
  6242 | D:7      | Gained mutation: You are partially covered in iridescent
                  | scales. (AC +2) [potion of mutation]
  6264 | D:7      | Killed Prince Ribbit
  6442 | D:8      | Reached skill level 11 in Maces & Flails
  6448 | D:8      | Reached XP level 10. HP: 70/93 MP: 9/9
  6500 | D:8      | Noticed Pikel
  6507 | D:8      | Killed Pikel
  6507 | D:8      | Reached ***** piety under Okawaru
  6741 | D:8      | Reached skill level 5 in Fighting
  6799 | D:8      | Found a sacrificial altar of Ru.
  6868 | D:8      | Received a gift from Okawaru
  7674 | D:9      | Noticed Grum
  7675 | D:9      | Reached skill level 1 in Invocations
  7864 | D:9      | Noticed Psyche
  7874 | D:9      | Killed Psyche
  7874 | D:9      | Reached skill level 12 in Maces & Flails
  7876 | D:9      | Reached skill level 5 in Dodging
  8068 | D:9      | Found a staircase to the Lair.
  8196 | D:9      | Noticed a seven-headed hydra
  8201 | D:9      | HP: 4/95 [seven-headed hydra (8)]
  8201 | D:9      | Mangled by a seven-headed hydra

Levels and vault maps discovered:
D:1:      onia_arrival_zoo_common, layout_loops_ring, grunt_decor_mini_mirrors
D:2:      layout_basic, uniq_sigmund
D:3:      layout_basic, fedhas_altar_fruit_tree, grunt_temple_overflow_open,
          first_ration, uniq_crazy_yiuf_cottage
D:4:      layout_rooms, minmay_temple_entry_antechambers,
          ebering_ghost_rock_garden, serial_shops, shop, dk_rats_in_the_wall,
          uniq_menkaure
D:5:      layout_basic, chequers_temple_overflow_statue_of_worship,
          serial_shops, shop, corexii_corridor_pit, kennysheep_windowed_goal,
          uniq_grinder
D:6:      layout_basic, cheibrodos_sewer_entry_sluice, interstate_on_off
D:7:      layout_cave_pools, hellmonk_ghost_happy_afterlife,
          minmay_misc_feat_columns, uniq_prince_ribbit1
D:8:      layout_gridville, nicolae_ru_great_annihilating_truth,
          minmay_misc_feat_secret_circle, uniq_pikel
D:9:      layout_rooms, regret_index_temple_of_mockery,
          due_lair_maze_entry_diamond, grunt_ogre_cave, kennysheep_just_a_vault,
          uniq_grum, uniq_psyche
Temple:   nicolae_temple_figure_eight

Skill      XL: |  1  2  3  4  5  6  7  8  9 10 |
---------------+-------------------------------+-----
Maces & Flails | 3 4 5 6 7 9 11 12 | 12.3
Fighting       | 3 4 5 |  5.5
Dodging        | 3 4 5 |  5.0
Throwing       | 2 3 4 |  4.4
Stealth        | 2 |  2.2
Invocations    | 1 |  1.7

Action                   |  1- 3 |  4- 6 |  7- 9 | 10-12 || total
-------------------------+-------+-------+-------+-------++-------
Melee: Mace              |   126 |   149 |       |       ||   275
       Flail             |       |    25 |    70 |       ||    95
       Giant club        |       |       |   452 |     6 ||   458
       Giant spiked club |       |       |       |   196 ||   196
Throw: Large rock        |       |       |       |     2 ||     2
  Use: Potion            |       |       |    10 |       ||    10
 Stab: Sleeping          |     2 |     4 |     6 |     1 ||    13
       Paralysed         |       |       |       |     1 ||     1
  Eat: Chunk             |     7 |    20 |    41 |    30 ||    98
       Ration            |     1 |     1 |       |       ||     2
Armor: Robe              |    52 |    93 |   218 |   156 ||   519
       Skin              |       |       |    53 |       ||    53
Dodge: Dodged            |    72 |   117 |   360 |   254 ||   803
